 Dungeon Crawl Stone Soup version 0.29-a0-322-g68df515428 (webtiles) character file.

Game seed: 4852420758764996073

317 oblizorion1 the Chopper (level 6, -4/55 HPs)
             Began as a Hill Orc Fighter on Apr 5, 2022.
             Slain by an ogre
             ... wielding a +0 giant spiked club
              (16 damage)
             ... on level 4 of the Dungeon on Apr 6, 2022.
             The game lasted 00:11:16 (2989 turns).

oblizorion1 the Chopper (Hill Orc Fighter)          Turns: 2989, Time: 00:11:17

Health: -4/55      AC: 14    Str: 21    XL:     6   Next: 44%
Magic:  6/6        EV:  6    Int:  8    God:
Gold:   190        SH:  4    Dex: 10    Spells: 5/5 levels left

rFire   . . .      SeeInvis .   a - +0 war axe
rCold   . . .      Faith    .   c - +0 buckler
rNeg    . . .      Spirit   .   k - +0 plate armour
rPois   .          Reflect  .   (no helmet)
rElec   .          Harm     .   (no cloak)
rCorr   .          Rampage  .   l - +0 pair of gloves
Will    .....                   i - +0 pair of boots
Stlth   ..........              (no amulet)
HPRegen 0.18/turn               (no ring)
MPRegen 0.10/turn               (no ring)

@: no status effects
A: no striking features
a: no special abilities


You were on level 4 of the Dungeon.
You visited 1 branch of the dungeon, and saw 4 of its levels.

You collected 190 gold pieces.

Inventory:

Hand Weapons
 a - a +0 war axe (weapon)
 o - a +2 dagger of protection
Missiles
 h - 10 poisoned darts (quivered)
 m - 3 boomerangs
Armour
 c - a +0 buckler (worn)
 i - a +0 pair of boots (worn)
 k - a +0 plate armour (worn)
 l - a +0 pair of gloves (worn)
Scrolls
 b - 2 scrolls of fear {unknown}
 e - 2 scrolls of noise {unknown}
 f - 2 scrolls of vulnerability {unknown}
 g - a scroll of immolation {unknown}
 n - a scroll of blinking {unknown}
 q - a scroll of identify {unknown}
Potions
 d - 4 potions of might
 j - a potion of curing
 p - a potion of invisibility {unknown}
 r - a potion of cancellation {unknown}


   Skills:
 + Level 4.8 Fighting
 + Level 6.2 Axes
 + Level 4.7 Armour
 + Level 0.1 Dodging
 + Level 3.9 Shields


You had 5 spell levels left.
You didn't know any spells.
Your spell library was empty.

Dungeon Overview and Level Annotations

Branches:
Dungeon (4/15)
 Temple: D:4-7

Altars:
Ashenzari
Cheibriados
Dithmenos
Elyvilon
Nemelex Xobeh
Ru
Zin
Beogh

Shops:
D:2 !


Message History

The kobold hits you but does no damage.
You slash the kobold!
You kill the kobold!
h - 10 poisoned darts (gained 6)
Things that are here:
a +0 whip; a kobold corpse You start resting.
HP restored.
d - 4 potions of might (gained 1)
There is an open door here.
Things that are here:
a +0 giant spiked club; an ogre skeleton
Found a broken altar of Ashenzari.
There is a broken altar of Ashenzari here.
Things that are here:
a +0 giant spiked club; an ogre skeleton
There is an open door here.
An ogre comes into view. It is wielding a +0 giant spiked club.
The ogre shouts!
The ogre closely misses you.
You hit the ogre but do no damage. The ogre barely misses you.
You hit the ogre.
The ogre is lightly wounded.
The ogre hits you with a +0 giant spiked club.
You hit the ogre.
The ogre is lightly wounded.
You hit the ogre.
The ogre is moderately wounded.
The ogre hits you with a +0 giant spiked club!!
You slash the ogre!
The ogre is severely wounded.
You block the ogre's attack.
You hit the ogre.
The ogre is severely wounded.
The ogre hits you with a +0 giant spiked club!
* * * LOW HITPOINT WARNING * * *
You hit the ogre.
The ogre is almost dead.
The ogre hits you with a +0 giant spiked club!
You die...

#
#.........#.#..<.........
#
#...).....#.#.........##.
# #...........#.#.#...).#
# #........#..#.###.....#
# ##########..#.....#....#
# #########..#..........#
####'.........#........#.#
#...#.........#.########
#.#.#.......#...@O....#
..#.#...)...#.#.#####.#
.##)#.......#.#.#
....##......#...#
.###.#......#...#
##...########...# #._.#
#.#.# #...# #.#.# #####


You could see an ogre.

Vanquished Creatures
  An ogre (D:4)
  2 orc priests
  2 orc wizards (D:3)
  5 adders
  A dart slug (D:4)
  8 orcs
  13 endoplasms
  4 giant cockroaches
  2 goblins (D:2)
  5 hobgoblins
  6 jackals
  2 quokkas
  6 ball pythons
  2 bats
  4 frilled lizards
  2 kobolds (D:4)
  3 rats (D:2)
68 creatures vanquished.

Notes
Turn   | Place    | Note
-------+----------+-------------------------------------------
     0 | D:1      | oblizorion1 the Hill Orc Fighter began the quest for the
                  | Orb.
     0 | D:1      | Reached XP level 1. HP: 19/19 MP: 1/1
    28 | D:1      | You fall into a shaft and drop 1 floor!
    67 | D:2      | Reached XP level 2. HP: 11/27 MP: 2/2
   191 | D:2      | Reached skill level 3 in Axes
   191 | D:2      | Reached XP level 3. HP: 21/33 MP: 3/3
  1005 | D:2      | Found Seabram's Distillery.
  1253 | D:3      | Reached skill level 4 in Axes
  1253 | D:3      | Reached XP level 4. HP: 38/41 MP: 4/4
  1444 | D:3      | Found a sparkling altar of Nemelex Xobeh.
  1597 | D:3      | Found a roughly hewn altar of Beogh.
  1616 | D:3      | Reached XP level 5. HP: 3/47 MP: 5/5
  1927 | D:3      | Found a snail-covered altar of Cheibriados.
  1946 | D:3      | Reached skill level 5 in Axes
  2071 | D:3      | Found a sacrificial altar of Ru.
  2082 | D:3      | Found a white marble altar of Elyvilon.
  2222 | D:3      | Found a glowing silver altar of Zin.
  2222 | D:3      | Noticed an angel
  2374 | D:4      | HP: 1/47 [orc priest/divine providence (14)]
  2376 | D:4      | Reached XP level 6. HP: 2/53 MP: 6/6
  2677 | D:4      | Found a shadowy altar of Dithmenos.
  2697 | D:4      | Reached skill level 6 in Axes
  2960 | D:4      | Found a broken altar of Ashenzari.
  2989 | D:4      | Slain by an ogre

Illustrated notes

Levels and vault maps discovered:
D:1:      arrival_zaba_pyramid, layout_basic,
          dreamdust_ecumenical_altar_hidden_monk_grotto, palyth_stone_intersect
D:2:      layout_rooms, serial_shops, nicolae_shop_hallway_stairs
D:3:      layout_loops_ring, nemelex_xobeh_ov_fountains_minmay,
          cheibriados_altar_1, zin_angel, mainiacjoe_overflow_big_doors,
          minmay_misc_feat_doors, kennysheep_orc_chapel
D:4:      layout_basic, mainiacjoe_overflow_tiny_flanked,
          mainiacjoe_overflow_swirl, minmay_statues_item, skrybe_limestone_x

Skill      XL: |  1  2  3  4  5  6 |
---------------+-------------------+-----
Fighting       | 4 |  4.8
Axes           | 3 4 5 6 |  6.2
Armour         | 4 |  4.7
Dodging        | |  0.1
Shields        | |  3.9

Action                   |  1- 3 |  4- 6 || total
-------------------------+-------+-------++-------
Melee: War axe           |    92 |   118 ||   210
Throw: Dart              |       |     4 ||     4
  Use: Potion            |       |     1 ||     1
Armor: Scale mail        |    13 |       ||    13
       Chain mail        |    24 |       ||    24
       Plate armour      |    20 |    98 ||   118
Dodge: Dodged            |    27 |    26 ||    53
Block: Buckler           |    20 |    23 ||    43

Table legend: (Time is in decaauts)
 A = Elapsed time spent in this place.
 B = Non-inter-level travel time spent in this place.
 C = Inter-level travel time spent in this place.
 D = Time resting spent in this place.
 E = Time spent auto-exploring this place.
 F = Levels seen in this place.
 G = Mean time per level.
                   A        B        C        D        E       F      G
               +--------+--------+--------+--------+--------+-----+--------+
         Total |   3058 |   2994 |     64 |   1379 |    597 |   4 |  764.5 |
       Dungeon |   3058 |   2994 |     64 |   1379 |    597 |   4 |  764.5 |
               +--------+--------+--------+--------+--------+-----+--------+

Top non-repeatable levels by time:
     D:2: 1173 daAuts
     D:3: 1096 daAuts
     D:4: 760 daAuts
     D:1: 28 daAuts
